 Dungeon Crawl Stone Soup version 0.31.0-12-g77e489cdc1 (webtiles) character file.

Game seed: 17573039977997483909

1997 Doomgape the Shield-Bearer (level 9, -1/117 (126) HPs)
             Began as a Troll Fighter on Feb 24, 2024.
             Was a Believer of Okawaru.
             Slain by Jeremiah
             ... wielding a +4 trident of draining
              (8 damage)
             ... on level 6 of the Dungeon.
             The game lasted 00:18:36 (3927 turns).

Doomgape the Shield-Bearer (Troll Fighter)          Turns: 3927, Time: 00:18:37

HP:   -1/117 (126)  AC:  8    Str: 30    XL:     9   Next: 2%
MP:   8/8           EV: 14    Int:  4    God:    Okawaru [**....]
Gold: 216           SH: 10    Dex: 13    Spells: 8/8 levels left

rFire   + + .        o - +9 sling of Valiance {elec, rF+ Will- Dex+4 SInv}
rCold   + . .        c - +0 kite shield
rNeg    . . .        b - +0 robe
rPois   +            (helmet restricted)
rElec   +            (no cloak)
rCorr   +            (gloves unavailable)
SInv    +            (boots unavailable)
Will    .....        (no amulet) Stlth
                     m - +5 ring of evasion
HPRegen 1.19/turn    z - +4 ring of protection
MPRegen 0.11/turn

%: no passive effects
@: berserking (expiring), resistant, drained, very quick
A: large, unfitting armour, claws 3, regeneration 1, shaggy fur 1, tough skin 1
a: Renounce Religion, Heroism


You were on level 6 of the Dungeon.
You worshipped Okawaru.
Okawaru was pleased with you.
You visited 1 branch of the dungeon, and saw 6 of its levels.

You collected 216 gold pieces.

Inventory:

Hand Weapons
 a - a +0 flail
 o - the +9 sling of Valiance (weapon) {elec, rF+ Will- Dex+4 SInv}
   (You found it on level 2 of the Dungeon)

   Dex+4:     It affects your dexterity (+4).
   rF+:       It protects you from fire.
   Will-:     It decreases your willpower.
   SInv:      It lets you see invisible.
Missiles
 k - a throwing net
 q - 10 stones (quivered)
Armour
 b - a +0 robe (worn)
 c - a +0 kite shield (worn)
Jewellery
 m - a +5 ring of evasion (left claw)
 z - a +4 ring of protection (right claw)
Wands
 n - a wand of iceblast (5)
Scrolls
 e - a scroll of identify
 f - 2 scrolls of noise
 g - a scroll of fear
 h - a scroll of revelation {unknown}
 r - 4 scrolls of teleportation
 s - 2 scrolls of vulnerability {unknown}
 t - a scroll of enchant armour {unknown}
 u - a scroll of silence {unknown}
 v - a scroll of enchant weapon {unknown}
 x - 2 scrolls of blinking
 y - a scroll of fog
 A - a scroll of amnesia {unknown}
Potions
 d - a potion of might
 i - 3 potions of attraction
 j - 4 potions of cancellation


   Skills:
 - Level 4.0 Fighting
 - Level 2.7 Maces & Flails
 + Level 5.0 Ranged Weapons
 - Level 2.4 Dodging
 + Level 7.7 Shields


You had 8 spell levels left.
You didn't know any spells.
Your spell library contained the following spells:

 Spells                   Type           Power      Damage    Failure   Level
 Sting                    Conj/Alch      0%         1d3       67%         1
 Mercury Vapours          Alch/Air       0%         N/A       82%         2
 Inner Flame              Hex/Fire       0%         N/A       96%         3
 Mephitic Cloud           Conj/Alch/Air  0%         N/A       96%         3
 Olgreb's Toxic Radiance  Alch           0%         N/A       100%        4
 Freezing Cloud           Conj/Ice/Air   0%         6-21      100%        5
 Irradiate                Conj/Alch      0%         3d11      100%        5
 Ignition                 Fire           0%         3d3       100%        8


Dungeon Overview and Level Annotations

Branches:
Dungeon (6/15)
 Temple: D:4-7

Altars:
Ashenzari
Dithmenos
Okawaru
Yredelemnul
The Shining One

Shops:
D:4 *

Annotations:
D:6 Jeremiah


Innate Abilities, Weirdness & Mutations

You are too large for most types of armour.
You have claws for hands.
Your natural rate of healing is unusually fast.
You are covered in fur. (AC +1)
You have tough skin. (AC +1)


Message History

Menkaure is heavily damaged.
You block Menkaure's attack.
Unknown command.
You barely miss Menkaure.
Menkaure is heavily damaged.
You block Menkaure's attack.
Unknown command.
You barely miss Menkaure.
Menkaure is heavily damaged.
You block Menkaure's attack.
Jeremiah hits you from afar with a +4 trident of draining.
* * * LOW HITPOINT WARNING * * *
You feel drained.
There are monsters nearby!
You clumsily bash Menkaure.
Menkaure is severely damaged.
Menkaure barely misses you.
Jeremiah hits you from afar with a +4 trident of draining.
* * * LOW HITPOINT WARNING * * *
You feel drained. Menkaure hits you!
* * * LOW HITPOINT WARNING * * *
You barely miss Menkaure.
Menkaure is severely damaged.
Jeremiah hits you from afar with a +4 trident of draining.
* * * LOW HITPOINT WARNING * * *
You feel drained.
* * * LOW HITPOINT WARNING * * *
Menkaure barely misses you. Jeremiah closely misses you.
You hit Menkaure!
Menkaure is almost destroyed.
Menkaure hits you.
* * * LOW HITPOINT WARNING * * *
You block Jeremiah's attack.
Unknown command.
You clumsily bash Menkaure.
You destroy Menkaure!
Okawaru accepts your kill.
Jeremiah hits you from afar with a +4 trident of draining!
You die...
Jeremiah says, "O terrible one, your will is done."

...... #..... #.....
#....# ###...#
###.....## #
####.......b## ###.#
...!...###b..####...#
.....bzh@bb..b....#
..###..###Fb.....##
#.... #.b.#...# ###..
#..##...# ...
...####.[## ..#
.#..###.# #...## #.#
#.#.. #.# #....##
####.## ###.. #.#
#..#..# ...#.. ..
#..##.##


You could see Jeremiah, a howler monkey and a wight.

Vanquished Creatures
  Grinder (D:3)
  Menkaure (D:6)
  2 water moccasins (D:6)
  Duvessa (D:4)
  2 ice beasts
  2 ogres
  A centaur (D:4)
  2 scorpions (D:4)
  Dowan (D:4)
  4 wights (D:6)
  A bombardier beetle (D:3)
  4 hounds
  A jelly (D:5)
  An orc priest (D:6)
  An iguana (D:6)
  Terence (D:3)
  6 orc wizards
  4 gnolls (D:5)
  13 adders
  A dart slug (D:4)
  4 ribbon worms
  9 orcs
  9 ball pythons
  5 bats
  9 endoplasms
  3 giant cockroaches
  8 hobgoblins
  11 kobolds
  2 quokkas (D:1)
  2 frilled lizards (D:2)
  15 goblins
  5 rats
132 creatures vanquished.

Notes
Turn   | Place    | Note
-------+----------+-------------------------------------------
     0 | D:1      | Doomgape the Troll Fighter began the quest for the Orb.
     0 | D:1      | Reached XP level 1. HP: 22/22 MP: 0/0
    95 | D:1      | Found a faded altar of an unknown god.
   146 | D:1      | Reached XP level 2. HP: 28/29 MP: 1/1
   281 | D:1      | Reached skill level 3 in Shields
   749 | D:1      | Reached XP level 3. HP: 36/36 MP: 2/2
   871 | D:2      | Identified the +9 sling of Valiance {elec, rF+ Will- Dex+4
                  | SInv}
  1232 | D:2      | Reached XP level 4. HP: 45/45 MP: 3/3
  1447 | D:3      | Noticed Terence
  1451 | D:3      | Killed Terence
  1459 | D:3      | Found a shadowy altar of Dithmenos.
  1557 | D:3      | Noticed Grinder
  1563 | D:3      | Killed Grinder
  1564 | D:3      | Reached skill level 1 in Ranged Weapons
  1564 | D:3      | Reached skill level 4 in Shields
  1564 | D:3      | Reached XP level 5. HP: 54/54 MP: 4/4
  1564 | D:3      | Reached XP level 6. HP: 62/62 MP: 5/5
  2101 | D:4      | Found Paluery's General Store.
  2110 | D:4      | Noticed Duvessa
  2115 | D:4      | Killed Duvessa
  2125 | D:4      | Noticed Dowan
  2130 | D:4      | Killed Dowan
  2131 | D:4      | Reached XP level 7. HP: 70/70 MP: 6/6
  2164 | D:4      | Reached skill level 5 in Shields
  2239 | D:4      | Found an iron altar of Okawaru.
  2604 | D:4      | Identified the +1 falchion of the Hurtling Gods {vamp,
                  | rPois Int+3}
  2836 | D:5      | Entered Level 5 of the Dungeon
  2936 | D:4      | Became a worshipper of Warmaster Okawaru
  3231 | D:5      | Reached skill level 6 in Shields
  3237 | D:5      | Reached XP level 8. HP: 60/78 MP: 7/7
  3283 | D:5      | Found a basalt altar of Yredelemnul.
  3518 | D:5      | Found a broken altar of Ashenzari.
  3757 | D:6      | Reached * piety under Okawaru
  3789 | D:6      | Found a glowing golden altar of the Shining One.
  3797 | D:6      | Reached skill level 7 in Shields
  3887 | D:6      | Reached ** piety under Okawaru
  3893 | D:6      | Reached skill level 5 in Ranged Weapons
  3901 | D:6      | Reached XP level 9. HP: 78/83 MP: 8/8
  3904 | D:6      | Noticed Menkaure
  3918 | D:6      | Noticed Jeremiah
  3927 | D:6      | Killed Menkaure
  3927 | D:6      | Slain by Jeremiah

Illustrated notes

Levels and vault maps discovered:
D:1:      dpeg_arrival_pits, layout_basic,
          dreamdust_ecumenical_altar_angels_and_demons
D:2:      layout_rooms, minmay_vboxes
D:3:      layout_loops_ring, grunt_dithmenos_smoke, serial_bayou,
          serial_bayou_ford_a, serial_bayou_pond_a, serial_bayou_pond_e,
          serial_bayou_pond_d, uniq_terence, uniq_grinder
D:4:      layout_loops_ring, okawaru_metal_pillars_1_2, serial_shops,
          nicolae_stop_n_shop_1, serial_bayou, serial_bayou_pond_c,
          serial_bayou_shore_a, serial_bayou_pond_b, serial_bayou_pond_c,
          uniq_duvessa
D:5:      layout_loops_cross, kennysheep_little_box, lemuel_crystal_altar,
          st_stairs_1, minmay_stone_trees_small, nicolae_elevator_lobby_plus
D:6:      layout_layer_cave, mainiacjoe_overflow_24_doors,
          nicolae_overflow_hallway_of_the_gods, lemuel_temple_firewalk_b,
          minmay_misc_feat_nine_boxes, minmay_misc_feat_enclosed, uniq_jeremiah,
          uniq_menkaure, uniq_prince_ribbit1

Skill      XL: |  1  2  3  4  5  6  7  8 |
---------------+-------------------------+-----
Maces & Flails | 2 |  2.7
Shields        | 3 4 6 7 |  7.7
Fighting       | 3 4 |  4.0
Ranged Weapons | 1 2 3 5 |  5.0
Dodging        | |  2.4

Action                     |  1- 3 |  4- 6 |  7- 9 || total
---------------------------+-------+-------+-------++-------
  Melee: Flail             |    90 |       |       ||    90
         Sling             |       |       |    12 ||    12
   Fire: Sling             |    19 |    65 |   180 ||   264
  Throw: Stone             |       |       |    27 ||    27
    Use: Scroll            |     4 |     3 |       ||     7
         Potion            |       |       |     5 ||     5
   Stab: Sleeping          |     1 |       |       ||     1
 Armour: Robe              |    45 |       |    62 ||   107
  Dodge: Dodged            |    34 |     7 |    74 ||   115
  Block: Kite shield       |    33 |     7 |    56 ||    96
